 Dungeon Crawl Stone Soup version 0.28.0-53-g5a82cb258f (webtiles) character file.

Game seed: 16610159349948875411

75946 wingedge the Severer (level 15, -4/145 HPs)
             Began as a Minotaur Berserker on June 8, 2022.
             Was an Elder of Trog.
             Succumbed to a redback's poison
             ... on level 1 of the Spider Nest.
             The game lasted 01:04:29 (21201 turns).

wingedge the Severer (Minotaur Berserker)          Turns: 21201, Time: 01:04:30

Health: -4/145     AC: 19    Str: 34    XL:     15   Next: 11%
Magic:  1/14       EV: 15    Int:  6    God:    Trog [****..]
Gold:   1313       SH:  0    Dex:  9    Spells: 14/14 levels left

rFire   . . .      SeeInvis .   W - +4 war axe (flame)
rCold   . . .      Faith    .   (no shield)
rNeg    . . .      Spirit   .   x - +2 swamp dragon scales
rPois   +          Reflect  .   (helmet restricted)
rElec   .          Harm     .   K - scarf {repulsion}
rCorr   .          Rampage  .   D - +2 pair of gloves {infuse}
Will    +....                   o - +1 pair of boots
Stlth   ..........              C - amulet of regeneration
HPRegen 1.14/turn               Z - +6 ring of strength
MPRegen 0.14/turn               f - ring of flight

@: lethally poisoned (-4 -> -18), flying, studying Staves, repel missiles
A: horns 2, retaliatory headbutt
a: Renounce Religion, Berserk, Trog's Hand, Brothers in Arms


You were on level 1 of the Spider Nest.
You worshipped Trog.
Trog was greatly pleased with you.
You visited 4 branches of the dungeon, and saw 21 of its levels.
You also visited: Volcano.

You collected 2177 gold pieces.
You spent 864 gold pieces at shops.

Inventory:

Hand Weapons
 q - a +2 war axe of draining
 w - a +0 battleaxe
 W - a +4 war axe of flaming (weapon)
Armour
 o - a +1 pair of boots (worn)
 x - +2 swamp dragon scales (worn)
 D - a +2 pair of gloves of infusion (worn)
 F - a +3 chain mail of fire resistance
 K - a scarf of repulsion (worn)
 S - a +2 chain mail of willpower
Jewellery
 c - a ring of fire
 d - a ring of protection from cold
 e - a ring of positive energy
 f - a ring of flight (right hand)
 h - an amulet of the acrobat
 v - a ring of resist corrosion
 C - an amulet of regeneration (around neck)
 I - a +6 ring of strength
 M - the amulet of Juonn {Spirit rC++}
   (You found it on level 6 of the Lair of Beasts)

   [amulet of guardian spirit]

   It causes incoming damage to be divided between your reserves of health and
   magic.
   rC:        It greatly protects you from cold.
 O - a +6 ring of dexterity
 Z - a +6 ring of strength (left hand)
Wands
 j - a wand of digging (3)
 m - a wand of iceblast (10)
 s - a wand of charming (7)
 B - a wand of acid (4)
 P - a wand of mindburst (6)
 T - a wand of paralysis (1)
Scrolls
 a - a scroll of torment
 g - 2 scrolls of holy word {unknown}
 p - a scroll of identify
 r - 7 scrolls of teleportation
 u - 3 scrolls of fog
 y - 3 scrolls of amnesia {unknown}
 U - 4 scrolls of magic mapping
Potions
 b - a potion of curing
 i - 2 potions of invisibility
 l - 2 potions of cancellation
 n - a potion of ambrosia
 A - a potion of lignification
 H - a potion of berserk rage {unknown}
 L - 3 potions of haste
 N - 5 potions of mutation {unknown}
 Q - 2 potions of resistance
 R - 2 potions of might {unknown}
 V - 2 potions of magic {unknown}
 X - a potion of degeneration {unknown}
Miscellaneous
 z - a tin of tremorstones (2/2)
 G - a condenser vane
 J - a box of beasts


   Skills:
 + Level 16.5 Fighting
 + Level 17.7 Axes
 + Level 13.5 Armour
 + Level 13.6 Dodging
 + Level 7.7 Evocations


You had 14 spell levels left.
You didn't know any spells.
Your spell library was empty.

Dungeon Overview and Level Annotations

Branches:
Dungeon (12/15)            Temple (0/1) D:4            Lair (6/6) D:8
 Shoals (0/4) Lair:2       Spider (1/4) Lair:4        Slime (0/5) Lair:6
    Orc (2/2) D:9             Elf (0/3) Orc:2       Volcano (visited)

Altars:
Cheibriados
Dithmenos
Fedhas
Hepliaklqana
Makhleb
Okawaru
Qazlal
Uskayaw
Vehumet
Wu Jian
Xom
Yredelemnul
Zin

Shops:
Orc:2 *(:[


Innate Abilities, Weirdness & Mutations

You have a pair of horns on your head.
You reflexively headbutt those who attack you in melee.


Message History

You hear an angry hiss.
There is a web here.
The web tears apart.
The redback misses you.
The redback bites you but does no damage.
The redback bites you.
You enter the shallow water.
Moving in this stuff is going to be slow.
The redback bites you!
* * * LOW HITPOINT WARNING * * *
The redback misses you. The redback bites you.
* * * LOW HITPOINT WARNING * * *
You are poisoned.
The redback poisons you! The meliai hits you but does no damage.
The meliai stings you but does no damage.
The redback misses you.
You're wearing all the rings you can.
Remove which one? (? for menu, Esc to cancel) < or
Z - a +6 ring of strength; > or
v - a ring of resist corrosion You remove your ring of resist corrosion.
You feel very sick. The meliai misses you. The meliai stings you.
* * * LOW HITPOINT WARNING * * *
You fly up into the air.
f - a ring of flight (right hand)
You feel very sick.
The redback bites you but does no damage.
The redback bites you!
* * * LOW HITPOINT WARNING * * *
The meliai invokes the aid of its god against you.
Something smites you!
* * * LOW HITPOINT WARNING * * *
The redback bites you!
* * * LOW HITPOINT WARNING * * *
Okay, then.
As you read the scroll of fear, it crumbles to dust.
You assume a fearsome visage.
The meliai looks frightened!
The redback looks frightened!
The tarantella looks frightened!
The redback looks frightened! x3
You die...

#..#.... .## .s
###...... ... .
#...#.#.#### ..# .# ##
#....##....# #.##.#..
#.#....^#.### ......#..
#...........## #...^..
#....##....#<#####...#
##..##..#.#y≈#...#.# .
#..)#..^...s@#.(.#.# ..
#..###.....ss#..#..#.#
#....#.#..#..s.##....#
#..^.....##...#.....##
#.#...w...#.#....s##..#
#.##..#..###^.s..#....#
#...#.#.......#..#...##
#......##..####.#...#:s
#.##...#....s...#..#)
.#


You could see a steelbarb worm (fleeing), a tarantella (fleeing), 4 redbacks and
a meliai (fleeing).

Vanquished Creatures
  2 fire dragons
  Harold (D:10)
  A boulder beetle (Spider:1)
  An ice dragon (Lair:6)
  5 hydras
  An ogre mage (D:12)
  5 two-headed ogres
  Nergalle (Lair:1)
  Urug (Lair:2)
  4 orc high priests (Orc:2)
  3 sun demons (Volcano)
  Sonja (Lair:6)
  3 sun moths (Spider:1)
  A swamp dragon (Lair:6)
  2 orb spiders (Spider:1)
  4 steelbarb worms (Spider:1)
  3 lindwurms
  2 wolf spiders (Spider:1)
  A cyclops (D:12)
  3 orc sorcerers
  An ugly thing (D:12)
  3 orc knights
  2 manticores
  14 elephants (Lair:6)
  2 black mambas
  6 smoke demons (Volcano)
  3 cane toads
  5 torpor snails (Lair:6)
  Maggie (Lair:1)
  A gargoyle (D:11)
  4 rime drakes
  2 kobold demonologists (D:12)
  A demonic crawler (Spider:1)
  6 komodo dragons
  2 unseen horrors
  2 ice devils (D:12)
  3 polar bears
  A wind drake (Lair:2)
  11 tarantellas (Spider:1)
  2 meliai (Spider:1)
  3 tyrant leeches (Lair:6)
  2 trolls
  9 hornets
  13 dream sheep
  21 blink frogs
  Sigmund (D:5)
  8 spriggans (Lair:2)
  2 culicivoras (Spider:1)
  4 wyverns
  3 jumping spiders (Spider:1)
  2 shadows
  2 basilisks
  37 yaks
  13 redbacks (Spider:1)
  6 steam dragons
  4 vampire mosquitoes (D:11)
  Menkaure (D:5)
  2 wargs
  4 acid dragons
  A hell hound (Volcano)
  8 water moccasins
  Duvessa (D:5)
  12 orc warriors
  2 black bears (D:8)
  A hornet zombie (D:4)
  8 ogres
  8 centaurs
  A necrophage (D:5)
  5 wolves (Lair:1)
  2 phantoms
  16 bullfrogs
  2 kobold brigands
  4 scorpions
  A gnoll sergeant (D:9)
  A wyvern skeleton (D:6)
  Dowan (D:5)
  6 wights
  2 electric eels (Lair:5)
  5 howler monkeys
  A bullfrog zombie (D:5)
  2 centaur zombies
  7 hounds
  A bullfrog skeleton (D:6)
  An orc priest (D:10)
  4 gnoll shamans
  8 jellies
  2 centaur skeletons
  Ijyb (D:3)
  Natasha (thrice) (D:2)
  2 iguanas (Lair:6)
  9 orc wizards
  2 killer bee zombies
  A hound skeleton (D:2)
  A howler monkey zombie (D:3)
  24 gnolls
  8 adders
  A shadow imp (D:7)
  3 ufetubi
  3 worms (D:3)
  4 dart slugs
  36 orcs
  10 bats
  7 endoplasms
  4 giant cockroaches
  4 goblins
  12 hobgoblins
  2 jackals (D:3)
  4 quokkas
  9 ball pythons
  5 frilled lizards
  24 kobolds
  5 rats
551 creatures vanquished.

Vanquished Creatures (collateral kills)
  An orc warlord (Orc:2)
  A hydra (Lair:1)
  An orc knight (Orc:2)
  A troll (Orc:2)
  A polar bear (Lair:6)
  A basilisk (Lair:6)
  A redback (Spider:1)
  4 orc warriors (Orc:2)
11 creatures vanquished.

Vanquished Creatures (others)
  A water moccasin (Lair:6)
  A jelly (D:4)
  An endoplasm (D:4)
  45 fungi
  65 plants
113 creatures vanquished.

Grand Total: 675 creatures vanquished

Notes
Turn   | Place    | Note
-------+----------+-------------------------------------------
     0 | D:1      | wingedge the Minotaur Berserker began the quest for the
                  | Orb.
     0 | D:1      | Reached XP level 1. HP: 19/19 MP: 0/0
   161 | D:1      | Reached skill level 4 in Axes
   167 | D:1      | Reached XP level 2. HP: 27/27 MP: 1/1
   202 | D:1      | Found a faded altar of an unknown god.
   882 | D:2      | Reached XP level 3. HP: 32/34 MP: 2/2
  1041 | D:2      | Noticed Natasha
  1053 | D:2      | Killed Natasha
  1053 | D:2      | Reached ** piety under Trog
  1054 | D:2      | Reached skill level 5 in Fighting
  1054 | D:2      | Reached skill level 5 in Axes
  1054 | D:2      | Reached XP level 4. HP: 6/42 MP: 3/3
  1609 | D:2      | Noticed Natasha
  1615 | D:2      | Killed Natasha
  1616 | D:2      | Noticed Natasha
  1624 | D:2      | Killed Natasha
  1625 | D:2      | Reached XP level 5. HP: 48/48 MP: 4/4
  1742 | D:3      | Noticed Ijyb
  1749 | D:3      | Killed Ijyb
  1943 | D:3      | Reached skill level 6 in Axes
  2249 | D:3      | Found a glowing silver altar of Zin.
  2441 | D:4      | Reached XP level 6. HP: 35/58 MP: 5/5
  2924 | D:4      | Found a staircase to the Ecumenical Temple.
  2929 | D:4      | Reached *** piety under Trog
  2952 | D:4      | Reached skill level 7 in Axes
  2952 | D:4      | Found a radiant altar of Vehumet.
  3303 | D:4      | Found a hide-covered altar of Uskayaw.
  3329 | D:4      | Reached XP level 7. HP: 31/66 MP: 6/6
  3555 | D:5      | Entered Level 5 of the Dungeon
  3654 | D:5      | Found a shadowy altar of Dithmenos.
  3688 | D:5      | Noticed Sigmund
  3698 | D:5      | Killed Sigmund
  3699 | D:5      | Reached skill level 8 in Axes
  3864 | D:5      | Reached XP level 8. HP: 75/75 MP: 3/7
  4138 | D:5      | Noticed Dowan
  4141 | D:5      | Killed Dowan
  4141 | D:5      | Noticed Duvessa
  4145 | D:5      | Killed Duvessa
  4360 | D:5      | Found a burning altar of Makhleb.
  4524 | D:5      | Noticed Menkaure
  4533 | D:5      | Killed Menkaure
  4887 | D:6      | Found a basalt altar of Yredelemnul.
  4902 | D:6      | Reached skill level 5 in Armour
  5248 | D:6      | Reached skill level 5 in Dodging
  5328 | D:6      | Found an ornate altar of the Wu Jian Council.
  5572 | D:6      | Reached skill level 10 in Fighting
  5572 | D:6      | Reached XP level 9. HP: 78/85 MP: 2/8
  6270 | D:7      | Found a stormy altar of Qazlal.
  6271 | D:7      | Found a snail-covered altar of Cheibriados.
  6309 | D:7      | Found a hazy altar of Hepliaklqana.
  6828 | D:8      | Found a shimmering altar of Xom.
  6829 | D:8      | Found a shimmering altar of Xom.
  7024 | D:8      | Found a staircase to the Lair.
  7563 | D:8      | Reached skill level 9 in Axes
  7657 | D:8      | Reached **** piety under Trog
  7824 | D:9      | Found a staircase to the Orcish Mines.
  7831 | D:8      | Reached XP level 10. HP: 88/96 MP: 4/9
  8148 | D:9      | Noticed a two-headed ogre
  8156 | D:9      | Killed a two-headed ogre
  8157 | D:9      | Reached skill level 10 in Axes
  8464 | D:10     | Entered Level 10 of the Dungeon
  8719 | D:10     | Noticed Harold
  8734 | D:10     | Killed Harold
  8735 | D:10     | Reached skill level 11 in Axes
  8807 | D:10     | Noticed a two-headed ogre
  8972 | D:10     | Found an iron altar of Okawaru.
  9046 | D:10     | Found a blossoming altar of Fedhas.
  9166 | D:10     | Killed a two-headed ogre
  9167 | D:10     | Reached XP level 11. HP: 104/104 MP: 7/10
  9393 | D:11     | Noticed a five-headed hydra
  9401 | D:11     | Killed an eight-headed hydra
  9454 | D:11     | Noticed a seven-headed hydra
  9468 | D:11     | Killed a 15-headed hydra
  9469 | D:11     | Reached skill level 12 in Axes
  9732 | D:11     | Noticed a two-headed ogre
  9738 | D:11     | Killed a two-headed ogre
  9969 | D:11     | You fall into a shaft and drop 1 floor!
 10203 | D:12     | Noticed a two-headed ogre
 10208 | D:12     | Killed a two-headed ogre
 10209 | D:12     | Reached skill level 13 in Axes
 10212 | D:12     | Noticed an ogre mage
 10215 | D:12     | Killed an ogre mage
 10352 | D:12     | Noticed a cyan ugly thing
 10360 | D:12     | Killed a cyan ugly thing
 10579 | D:12     | Noticed a two-headed ogre
 10586 | D:12     | Killed a two-headed ogre
 10944 | D:12     | Noticed a soul eater
 10949 | D:12     | Reached skill level 10 in Dodging
 10961 | D:12     | Reached skill level 14 in Axes
 11104 | D:12     | Reached XP level 12. HP: 115/115 MP: 1/11
 11643 | Lair:1   | Entered Level 1 of the Lair of Beasts
 11785 | Lair:1   | Reached skill level 1 in Evocations
 11896 | Lair:1   | Noticed Nergalle
 11908 | Lair:1   | Killed Nergalle
 11965 | Lair:1   | Noticed a four-headed hydra
 11972 | Lair:1   | Killed a five-headed hydra
 12186 | Lair:1   | Noticed Maggie
 12197 | Lair:1   | Killed Maggie
 12581 | Lair:2   | Found an ornate altar of the Wu Jian Council.
 12834 | Lair:2   | Found a staircase to the Shoals.
 12851 | Lair:2   | You fall into a shaft and drop 2 floors!
 12879 | Lair:4   | Found a hole to the Spider Nest.
 12896 | Lair:4   | Reached skill level 15 in Axes
 12896 | Lair:4   | Reached skill level 10 in Armour
 13624 | Lair:3   | Found a dark tunnel.
 13653 | Volcano  | Entered a volcano
 13891 | Volcano  | Reached XP level 13. HP: 125/125 MP: 5/12
 13902 | Volcano  | Noticed a fire dragon
 13918 | Volcano  | Killed a fire dragon
 14669 | Lair:3   | Reached skill level 16 in Axes
 15132 | Lair:2   | Noticed Urug
 15143 | Lair:2   | Killed Urug
 16587 | Lair:5   | Reached skill level 5 in Evocations
 16592 | Lair:5   | Reached skill level 15 in Fighting
 16930 | Lair:6   | Entered Level 6 of the Lair of Beasts
 17064 | Lair:6   | Found a staircase to the Slime Pits.
 17107 | Lair:6   | Reached ***** piety under Trog
 17387 | Lair:6   | Noticed Sonja
 17403 | Lair:6   | Killed Sonja
 17404 | Lair:6   | Reached XP level 14. HP: 81/135 MP: 1/13
 17632 | Lair:6   | Found a runed translucent door.
 17711 | Lair:6   | Paralysed by a hornet for 1 turns
 18230 | Lair:6   | Reached skill level 17 in Axes
 18551 | Lair:6   | Identified the amulet of Juonn {Spirit rC++}
 19308 | Orc:1    | Entered Level 1 of the Orcish Mines
 19483 | Orc:2    | Entered Level 2 of the Orcish Mines
 19483 | Orc:2    | Found a staircase to the Elven Halls.
 19725 | Orc:2    | Found Opsaseli's Antique Armour Shop.
 19846 | Orc:2    | Noticed an orc warlord
 19850 | Orc:2    | Found Womik's Book Shoppe.
 19856 | Orc:2    | Killed an orc warlord
 19879 | Orc:2    | Found Ryuddim's General Store.
 19880 | Orc:2    | Paralysed by an orc sorcerer for 5 turns
 20086 | Orc:2    | Found Duubb's Antique Weapon Boutique.
 20186 | Orc:2    | Bought a scroll of identify for 24 gold pieces
 20186 | Orc:2    | Bought a potion of cancellation for 96 gold pieces
 20675 | Orc:2    | Bought +2 swamp dragon scales for 744 gold pieces
 20860 | Spider:1 | Entered Level 1 of the Spider Nest
 20962 | Spider:1 | Received a gift from Trog
 21099 | Spider:1 | Reached XP level 15. HP: 72/145 MP: 0/14
 21200 | Spider:1 | HP: 1/145 [redback (9)]
 21201 | Spider:1 | Succumbed to a redback's poison

Illustrated notes

Levels and vault maps discovered:
D:1:      shiori_shiawase, layout_basic, ebering_ecumenical_altar_abandoned
D:2:      layout_basic, uniq_natasha
D:3:      layout_basic, amcnicky_altar_gilded, st_stairs_4,
          nicolae_figureground_sparkle, uniq_ijyb
D:4:      layout_rooms, fiery_altar_vehumet,
          mainiacjoe_overflow_small_starburst, minmay_temple_entry_overgrown
D:5:      layout_basic, kennysheep_mini, nicolae_dithmenos_the_darkroom,
          serial_rivers, chequers_serial_rivers_micro_c,
          chequers_serial_rivers_large_a, chequers_serial_rivers_small_a,
          chequers_serial_rivers_small_3, cheibrodos_gnoll_hut, uniq_menkaure,
          uniq_sigmund, uniq_duvessa
D:6:      layout_basic, nicolae_overflow_crystal_walls,
          nzn_wu_jian_contemplation, hex_medium, grunt_decor_fettered,
          corexii_shack, solitary_fountain
D:7:      layout_loops_ring, lemuel_round_altar,
          mainiacjoe_overflow_divided_tiny
D:8:      layout_loops_ring, xom_redecorated, grunt_lair_entry_orc_guard_hut,
          kennysheep_dice
D:9:      layout_rooms, orc_0_dummy
D:10:     layout_big_octagon, fedhas_altar_1,
          mainiacjoe_overflow_six_doors_small, serial_column_ruins,
          column_ruins_columns_straight, column_ruins_corridor_straight,
          column_ruins_corridor_T, column_ruins_grid_2, column_ruins_grid_4,
          uniq_harold
D:11:     layout_basic
D:12:     layout_basic, portal_ice_cave_demonic_guard
Lair:1:   layout_loops_ring, uniq_maggie, uniq_nergalle
Lair:2:   kb_forest_paths, layout_regular_city, minmay_shoals_entry_beasts,
          minivault_11, lemuel_centaur_altar, uniq_urug
Lair:3:   layout_cave_pods, nicolae_volcano_entry_vermiform
Lair:4:   layout_roguey, spider_nest_entry_web_field
Lair:5:   layout_gridlike, serial_bayou_lake_a
Lair:6:   wormcave, layout_regular_city, guppyfry_lair_end_dragon,
          nicolae_slime_entry_slimehenge, lookout_lair_type, grunt_megastairs_1,
          uniq_sonja
Spider:1: layout_spider_delve, drop_trap, nicolae_spider_circle_web
Orc:1:    cheibrodos_orc_bank, layout_caves, serial_shops,
          nicolae_lakefront_shop
Orc:2:    grunt_orc_gardens, layout_caves, grunt_orc_garden, grunt_orc_garden,
          grunt_orc_garden, grunt_orc_garden

Skill      XL: |  1  2  3  4  5  6  7  8  9 10 11 12 13 14 |
---------------+-------------------------------------------+-----
Fighting       | 4 5 6 7 8 10 11 12 13 14 15 16 | 16.5
Axes           | 4 5 6 7 8 9 11 14 15 16 17 | 17.7
Armour         | 5 7 9 10 12 13 | 13.5
Dodging        | 5 7 8 10 11 12 13 | 13.6
Evocations     | 3 5 7 |  7.7

Action                   |  1- 3 |  4- 6 |  7- 9 | 10-12 | 13-15 || total
-------------------------+-------+-------+-------+-------+-------++-------
Melee: Hand axe          |    68 |    11 |       |       |       ||    79
       Headbutt          |    11 |    21 |    43 |    73 |   124 ||   272
       War axe           |       |   116 |   208 |   312 |   591 ||  1227
       Punch             |       |       |     1 |     7 |     5 ||    13
Throw: Boomerang         |       |       |       |     2 |       ||     2
Invok: Berserk           |       |     6 |     6 |    16 |    11 ||    39
       Trog's Hand       |       |       |     4 |     5 |     8 ||    17
       Brothers in Arms  |       |       |       |     1 |     4 ||     5
Evoke: Tin of tremorston |       |       |       |     3 |     2 ||     5
       Wand              |       |       |       |     3 |       ||     3
       Condenser vane    |       |       |       |       |     1 ||     1
  Use: Potion            |       |     2 |     1 |       |    13 ||    16
       Scroll            |       |       |    11 |    11 |    15 ||    37
Armor: Ring mail         |    27 |    43 |    62 |    10 |    12 ||   154
       Chain mail        |       |     6 |    29 |   153 |   168 ||   356
       Leather armour    |       |       |       |    14 |     7 ||    21
       Swamp dragon scal |       |       |       |       |   104 ||   104
Dodge: Dodged            |    35 |    82 |   129 |   296 |   364 ||   906
       Repelled          |       |       |       |     6 |     2 ||     8
